 Dungeon Crawl Stone Soup version 0.23-a0-619-g281719c (console) character file.

2958 Duffy the Cleaver (level 9, -7/75 HPs)
             Began as a Naga Fighter on Dec 22, 2018.
             Was a Priest of Cheibriados.
             Mangled by a two-headed ogre
             ... wielding a +0 giant club
              (25 damage)
             ... on level 8 of the Dungeon.
             The game lasted 00:09:47 (9186 turns).

Duffy the Cleaver (Naga Fighter)                    Turns: 9186, Time: 00:09:47

Health: -7/75      AC: 14    Str: 25    XL:     9   Next: 81%
Magic:  9/9        EV:  5    Int: 19    God:    Cheibriados [***...]
Gold:   291        SH: 14    Dex: 18    Spells: 8/8 levels left

rFire    + + .     SeeInvis +   a - +0 war axe
rCold    + + .     Gourm    .   h - +2 shield of Resistance {rF+ rC+ MR+}
rNeg     . . .     Faith    +   z - +2 chain mail {rF+}
rPois    +         Spirit   .   m - +0 helmet
rElec    .         Reflect  .   u - scarf {repulsion}
rCorr    .         Harm     .   c - +2 pair of gloves
MR       ++...                  (no barding)
Stlth    ..........             w - amulet of faith
HPRegen  0.22/turn              d - ring of protection from cold
MPRegen  0.11/turn              (no ring)

@: repel missiles, very slow
A: large, see invisible, deformed body, poison resistance, slowness 2, slow
metabolism 1, spit poison 1, AC +3
a: Spit Poison, Bend Time, Temporal Distortion, Renounce Religion


You were on level 8 of the Dungeon.
You worshipped Cheibriados.
Cheibriados was most pleased with you.
You were not hungry.

You visited 2 branches of the dungeon, and saw 9 of its levels.
You also visited: Sewer.

You collected 291 gold pieces.

Inventory:

Hand Weapons
 a - a +0 war axe (weapon)
 b - the +3 whip "Yzyky" {freeze, Str+2}
   (You found it on level 6 of the Dungeon)

   It has been specially enchanted to freeze those struck by it, causing extra
   injury to most foes and up to half again as much damage against particularly
   susceptible opponents.
   It can also slow down cold-blooded creatures.
   It affects your strength (+2).
 g - a +2 morningstar of freezing
Armour
 c - a +2 pair of gloves (worn)
 h - the +2 shield of Resistance (worn) {rF+ rC+ MR+}
   (You found it on level 5 of the Dungeon)

   It protects you from fire.
   It protects you from cold.
   It affects your resistance to hostile enchantments.
 m - a +0 helmet (worn)
 u - a scarf of repulsion (worn)
 y - a +0 cloak
 z - a +2 chain mail of fire resistance (worn)
Jewellery
 d - a ring of protection from cold (left hand)
 w - an amulet of faith (around neck)
Wands
 t - a wand of disintegration (24)
 A - a wand of iceblast (6)
Scrolls
 l - a scroll of remove curse
 n - a scroll of enchant weapon
 o - 5 scrolls of teleportation
 s - 4 scrolls of enchant armour
 v - a scroll of blinking
 x - 3 scrolls of magic mapping
Potions
 e - 5 potions of flight
 i - 3 potions of brilliance
 k - 4 potions of mutation
 p - 4 potions of magic
 q - 2 potions of heal wounds
 r - 6 potions of curing
Comestibles
 f - 10 rations


   Skills:
 - Level 3.0 Fighting
 + Level 9.6 Axes
 - Level 2.4 Armour
 + Level 8.3 Shields


You had 8 spell levels left.
You didn't know any spells.
Your spell library was empty.

Dungeon Overview and Level Annotations

Branches:
Dungeon (8/15)             Temple (1/1) D:5
   Lair: D:8-11

Altars:
Ashenzari
Cheibriados
Dithmenos
Elyvilon
Fedhas
Gozag
Hepliaklqana
Kikubaaqudgha
Makhleb
Nemelex Xobeh
Okawaru
Qazlal
Ru
Sif Muna
Trog
Uskayaw
Vehumet
Wu Jian
Xom
Yredelemnul
Zin
The Shining One

Shops:
D:4 [   D:7 =

Annotations:
D:6 2 transporters, MisterFreud's ghost, novice MiAK


Innate Abilities, Weirdness & Mutations

You cannot wear boots.
Your serpentine skin is tough. (AC +3)
You have supernaturally acute eyesight. (SInv)
Armour fits poorly on your strangely shaped body.
Your system is resistant to poisons. (rPois)
You cover ground very slowly.
You have a slow metabolism.
You can spit poison.


Message History

The two-headed ogre resists with some effort.
Evoke which item? (* to show all) (? for menu, Esc to quit)
Aiming: Disintegrate
Press: ? - help, Shift-Dir - straight line, f/p - two-headed ogre
Aim: a two-headed ogre, wielding two +0 giant clubs (moderately wounded, chance The two-headed ogre resists with some effort.
The two-headed ogre hits you with a +0 giant club!
The two-headed ogre hits you but does no damage.
You slash the two-headed ogre!
The two-headed ogre is heavily wounded.
You block the two-headed ogre's attack.
The two-headed ogre hits you with a +0 giant club.
Okay, then.
Unknown command.
Unknown command.
You hit the two-headed ogre.
The two-headed ogre is severely wounded.
The two-headed ogre hits you with a +0 giant club!
The two-headed ogre hits you with a +0 giant club!!
You die...

#.. .>. #.# #.# #.#
#.# #.# #)#
#.###.### #.......#
#####.#.#######+#..
###..)...Ohh.....
#...#...@#h......
#.#.#....#.......
###.#.#.####....h..
#....<.....#O...h..
#.#.##.##..+.......
+... .... #.......
##. ##.##.# ######.
.. ... .. ## .#. .#


You could see a two-headed ogre, a hound and a jackal.

Vanquished Creatures
  A troll (D:7)
  2 sky beasts (D:5)
  2 phantoms
  4 orc warriors
  An ice beast (D:5)
  A black bear (D:7)
  2 ogres
  A centaur (D:7)
  A big kobold (D:7)
  Blork the orc (D:5)
  3 bullfrogs
  A scorpion (D:5)
  A howler monkey (D:6)
  A centaur zombie (D:7)
  A bullfrog zombie (D:5)
  2 crimson imps
  4 hounds
  A jelly (D:5)
  Crazy Yiuf (D:2)
  An orc priest (D:5)
  7 orc wizards
  2 bullfrog skeletons
  Jessica (D:2)
  Ijyb (D:3)
  An iguana (D:7)
  Natasha (D:3)
  5 worker ants
  A hound skeleton (D:6)
  3 gnolls (D:2)
  A worker ant zombie (D:5)
  A howler monkey skeleton (D:4)
  8 adders
  8 river rats (Sewer)
  A shadow imp (D:6)
  3 oozes
  An adder zombie (D:5)
  7 worms
  4 leopard geckos
  25 orcs
  5 giant cockroaches
  5 goblins
  8 hobgoblins
  8 jackals
  8 kobolds
  4 quokkas
  7 ball pythons
  A ball python zombie (D:5)
  6 bats
  13 frilled lizards
  A jackal skeleton (D:5)
  A quokka skeleton (D:7)
  A quokka zombie (D:7)
  16 rats
197 creatures vanquished.

Notes
Turn   | Place    | Note
-------+----------+-------------------------------------------
     0 | D:1      | Duffy the Naga Fighter began the quest for the Orb.
     0 | D:1      | Reached XP level 1. HP: 21/21 MP: 1/1
    40 | D:2      | Reached XP level 2. HP: 13/28 MP: 2/2
   746 | D:3      | Reached XP level 3. HP: 30/34 MP: 3/3
   900 | D:3      | Reached skill level 3 in Axes
  1052 | D:4      | Reached XP level 4. HP: 21/42 MP: 4/4
  1102 | D:4      | Reached XP level 5. HP: 27/49 MP: 5/5
  1210 | D:4      | Found a glowing drain.
  1231 | Sewer    | Entered a sewer
  1240 | Sewer    | Reached skill level 4 in Axes
  1746 | Sewer    | Reached XP level 6. HP: 45/56 MP: 6/6
  2313 | D:5      | Entered Level 5 of the Dungeon
  2313 | D:5      | Found the +2 shield of Resistance {rF+ rC+ MR+}
  2313 | D:5      | Noticed a sky beast
  2381 | D:5      | Killed a sky beast
  2381 | D:5      | Reached skill level 5 in Axes
  2815 | D:2      | Found a runed door.
  2845 | D:2      | Noticed Jessica
  2850 | D:2      | Killed Jessica
  2850 | D:2      | Reached XP level 7. HP: 60/62 MP: 7/7
  4001 | D:2      | Noticed Crazy Yiuf
  4018 | D:2      | Killed Crazy Yiuf
  4345 | D:3      | Reached skill level 5 in Shields
  4505 | D:3      | You fall through a shaft!
  4587 | D:4      | Found Wusaewomma's Armour Shop.
  4851 | D:4      | Reached skill level 6 in Axes
  5161 | D:3      | Noticed Ijyb
  5177 | D:3      | Killed Ijyb
  5190 | D:3      | Noticed Natasha
  5203 | D:3      | Killed Natasha
  5711 | D:5      | Reached XP level 8. HP: 62/69 MP: 8/8
  5860 | D:5      | Found a staircase to the Ecumenical Temple.
  5875 | Temple   | Entered the Ecumenical Temple
  6154 | Temple   | Became a worshipper of Cheibriados the Contemplative
  6224 | D:5      | Noticed Blork the orc
  6236 | D:5      | Killed Blork the orc
  6236 | D:5      | Reached skill level 7 in Axes
  6996 | D:5      | Found a hide-covered altar of Uskayaw.
  7131 | D:6      | Reached * piety under Cheibriados
  7180 | D:6      | Found a transporter.
  7180 | D:6      | Noticed MisterFreud's ghost (novice MiAK)
  7205 | D:6      | Reached skill level 8 in Axes
  7206 | D:6      | Reached XP level 9. HP: 45/75 MP: 9/9
  7459 | D:6      | Found a transporter.
  7606 | D:6      | Reached ** piety under Cheibriados
  7920 | D:6      | Got a scorched whip
  7921 | D:6      | Identified the cursed +3 whip "Yzyky" {freeze, Str+2} (You
                  | found it on level 6 of the Dungeon)
  8356 | D:7      | Reached skill level 9 in Axes
  8405 | D:7      | Noticed a troll
  8429 | D:7      | Killed a troll
  8718 | D:7      | Found Xiacomiu's Jewellery Emporium.
  8804 | D:7      | Reached *** piety under Cheibriados
  9171 | D:8      | Noticed a two-headed ogre
  9186 | D:8      | Mangled by a two-headed ogre

Vault maps used:
D:1:      eino_arrival_water_cross
D:2:      hex_tiny, uniq_jessica, uniq_crazy_yiuf_cottage
D:3:      uniq_ijyb, uniq_natasha
D:4:      first_ration, serial_shops, shop, cheibrodos_sewer_entry_bend
D:5:      eat_drink_and_be_merry_uskayaw, minmay_temple_entry_ruins,
          grunt_ministairs_10, uniq_blork_the_orc
D:6:      gammafunk_ghost_mausoleum
D:7:      serial_shops, shop, solitary_fountain
D:8:      lair_entry_dummy, hangedman_little_slice_of_home
Temple:   nicolae_temple_the_god_donut
Sewer:    sewer_co_cracked_pipes

Skill      XL: |  1  2  3  4  5  6  7  8  9 |
---------------+----------------------------+-----
Shields        | 3 4 5 7 8 |  8.3
Axes           | 3 4 5 6 8 9 |  9.6
Fighting       | |  3.0
Armour         | |  2.4

Action                   |  1- 3 |  4- 6 |  7- 9 || total
-------------------------+-------+-------+-------++-------
Melee: War axe           |    61 |   154 |   560 ||   775
 Abil: Spit Poison       |     4 |     7 |     2 ||    13
Evoke: Wand              |       |       |     9 ||     9
  Use: Scroll            |       |       |    16 ||    16
       Potion            |       |       |     3 ||     3
 Stab: Sleeping          |       |     3 |       ||     3
  Eat: Chunk             |       |     5 |     9 ||    14
       Ration            |       |       |     3 ||     3
Armor: Scale mail        |    11 |       |     4 ||    15
       Leather armour    |     5 |    39 |    60 ||   104
       Ring mail         |       |       |    83 ||    83
       Chain mail        |       |       |    53 ||    53
       Skin              |       |       |    15 ||    15
Dodge: Dodged            |    14 |    49 |   129 ||   192
       Deflected         |       |       |     2 ||     2
Block: Shield            |    30 |    88 |   402 ||   520

Table legend:
 A = Non-vault XP
 B = Vault XP
 C = Vault XP percentage of total XP
 D = Non-vault monster count
 E = Vault monster count
 F = Vault count percentage of total count
                 A         B        C        D         E       F
            +---------+---------+-------+---------+---------+-------
      Total |    3685 |     541 |  12.8 |     159 |      38 |  19.3
            +---------+---------+-------+---------+---------+-------
        D:1 |      31 |       0 |   0.0 |      16 |       0 |   0.0
        D:2 |     109 |      79 |  42.0 |      25 |       2 |   7.4
        D:3 |     112 |      69 |  38.1 |      18 |       2 |  10.0
        D:4 |     414 |      23 |   5.3 |      13 |       3 |  18.8
        D:5 |     792 |     226 |  22.2 |      26 |       2 |   7.1
        D:6 |     876 |       0 |   0.0 |      29 |       0 |   0.0
        D:7 |    1351 |       0 |   0.0 |      32 |       0 |   0.0
      Sewer |       0 |     144 | 100.0 |       0 |      29 | 100.0
            +---------+---------+-------+---------+---------+-------
